[ AOE2 MATCH · #513744994 ]
UnrankedMaya vs Turks
Player's team · WIN
Rival team · LOSS
[ REPLAY ANALYSIS · EXTRACTED FROM THE RECORDED GAME ]
Feudal
10:08
Castle
29:07
Imperial
53:05
| APM avg | 68.3 |
| APM peak | 137 |
| eAPM avg | 33.6 |
| Villagers / military | 154 / 51 |
Focus
⚔️ 28.5% · 🌾 71.5%
Eagle Scout ×23 · Monk ×8 · Mangonel ×7 · Battering Ram ×6 · Militia ×4 · Archer ×2
Feudal
10:49
Castle
29:38
Imperial
—
| APM avg | 35.1 |
| APM peak | 91 |
| eAPM avg | 14.6 |
| Villagers / military | 64 / 35 |
Focus
⚔️ 24.9% · 🌾 75.1%
Archer ×15 · Militia ×4 · Mangonel ×4 · Janissary ×4 · Battering Ram ×4 · Monk ×2
Match map
Initial resources + every placement click. Lines = walls · curves = elevation contours. ◆ gold · ⬟ stone · ● berries · ✦ relic · ◌ wall gap
Your base· Open — unwalled flank
kierokesawa's base· Open — unwalled flank
Smoothed initial terrain · ◌ = detected wall gap · hover for details
Inputs per minute
— justcaem - - kierokesawa
Build order — justcaem
First 150 of 367 actions detected
| 0:01 | Research | Loom |
| 0:01 | Queue | Villager (Male) |
| 0:02 | Build | House |
| 0:25 | Build | House |
| 0:30 | Queue | Villager (Male) |
| 0:30 | Queue | Villager (Male) |
| 0:30 | Queue | Villager (Male) |
| 1:22 | Queue | Villager (Male) |
| 1:22 | Queue | Villager (Male) |
| 2:01 | Queue | Villager (Male) |
| 2:26 | Queue | Villager (Male) |
| 2:58 | Queue | Villager (Male) |
| 2:58 | Queue | Villager (Male) |
| 2:59 | Queue | Villager (Male) |
| 3:00 | Build | Lumber Camp |
| 3:18 | Queue | Villager (Male) |
| 3:18 | Queue | Villager (Male) |
| 4:09 | Queue | Villager (Male) |
| 4:09 | Queue | Villager (Male) |
| 4:12 | Build | House |
| 4:14 | Queue | Villager (Male) |
| 4:18 | Build | Palisade Wall |
| 4:20 | Build | Palisade Wall |
| 4:36 | Queue | Villager (Male) |
| 4:44 | Build | Palisade Wall |
| 4:44 | Build | Palisade Wall |
| 4:50 | Queue | Villager (Male) |
| 5:15 | Build | House |
| 5:23 | Queue | Villager (Male) |
| 5:24 | Queue | Villager (Male) |
| 5:37 | Queue | Villager (Male) |
| 6:09 | Build | Barracks |
| 6:21 | Queue | Villager (Male) |
| 6:22 | Queue | Villager (Male) |
| 6:22 | Queue | Villager (Male) |
| 6:31 | Queue | Villager (Male) |
| 7:06 | Build | House |
| 7:40 | Build | Mill |
| 7:51 | Research | Feudal Age |
| 7:51 | Research | Feudal Age |
| 8:09 | Queue | Militia |
| 8:43 | Build | Mining Camp |
| 8:49 | Queue | Militia |
| 8:51 | Queue | Militia |
| 8:51 | Queue | Militia |
| 9:04 | Build | House |
| 9:07 | Queue | Villager (Male) |
| 9:14 | Build | Farm |
| 10:03 | Queue | Villager (Male) |
| 10:08 | Age | Feudal Age |
| 10:18 | Build | Archery Range |
| 10:27 | Research | Man-at-Arms (upgrade) |
| 10:40 | Queue | Villager (Male) |
| 10:49 | Queue | Villager (Male) |
| 11:01 | Queue | Villager (Male) |
| 11:07 | Build | Farm |
| 11:10 | Build | Farm |
| 11:25 | Queue | Villager (Male) |
| 11:46 | Queue | Archer |
| 11:49 | Build | House |
| 12:12 | Queue | Villager (Male) |
| 12:17 | Build | Watch Tower |
| 12:23 | Queue | Archer |
| 12:29 | Queue | Villager (Male) |
| 13:00 | Queue | Villager (Male) |
| 13:52 | Queue | Villager (Male) |
| 14:22 | Queue | Villager (Male) |
| 14:40 | Queue | Villager (Male) |
| 14:43 | Build | Mill |
| 14:43 | Build | Farm |
| 14:43 | Build | Farm |
| 14:44 | Build | Farm |
| 14:44 | Build | Farm |
| 14:44 | Build | Farm |
| 14:44 | Build | Farm |
| 14:44 | Build | Farm |
| 14:59 | Queue | Villager (Male) |
| 15:00 | Queue | Villager (Male) |
| 15:17 | Build | House |
| 15:22 | Build | Mining Camp |
| 15:25 | Queue | Villager (Male) |
| 15:35 | Queue | Villager (Male) |
| 15:40 | Queue | Skirmisher |
| 15:53 | Queue | Villager (Male) |
| 16:04 | Queue | Villager (Male) |
| 16:27 | Queue | Villager (Male) |
| 16:32 | Queue | Villager (Male) |
| 16:33 | Queue | Villager (Male) |
| 16:41 | Build | Blacksmith |
| 16:53 | Queue | Villager (Male) |
| 16:58 | Queue | Villager (Male) |
| 17:23 | Queue | Villager (Male) |
| 17:24 | Queue | Villager (Male) |
| 17:30 | Queue | Villager (Male) |
| 17:51 | Queue | Villager (Male) |
| 18:02 | Queue | Villager (Male) |
| 18:26 | Build | House |
| 18:32 | Queue | Villager (Male) |
| 18:32 | Queue | Villager (Male) |
| 19:04 | Build | Town Center |
| 20:08 | Build | Watch Tower |
| 20:10 | Queue | Villager (Male) |
| 20:14 | Queue | Villager (Male) |
| 20:22 | Queue | Villager (Male) |
| 20:33 | Queue | Villager (Male) |
| 20:40 | Queue | Villager (Male) |
| 21:03 | Queue | Villager (Male) |
| 21:07 | Queue | Villager (Male) |
| 21:13 | Build | Market |
| 21:15 | Build | House |
| 21:17 | Queue | Villager (Male) |
| 21:19 | Queue | Villager (Male) |
| 21:53 | Build | Watch Tower |
| 21:54 | Queue | Villager (Male) |
| 22:10 | Build | Watch Tower |
| 22:22 | Queue | Villager (Male) |
| 22:35 | Build | Watch Tower |
| 22:51 | Build | Lumber Camp |
| 23:39 | Queue | Villager (Male) |
| 23:41 | Queue | Villager (Male) |
| 23:57 | Queue | Villager (Male) |
| 24:00 | Queue | Villager (Male) |
| 24:09 | Build | Watch Tower |
| 24:18 | Queue | Villager (Male) |
| 24:28 | Queue | Villager (Male) |
| 24:43 | Queue | Villager (Male) |
| 24:44 | Queue | Villager (Male) |
| 24:49 | Queue | Villager (Male) |
| 24:57 | Queue | Villager (Male) |
| 25:07 | Queue | Villager (Male) |
| 25:15 | Queue | Villager (Male) |
| 25:49 | Queue | Villager (Male) |
| 26:18 | Queue | Villager (Male) |
| 26:27 | Research | Castle Age |
| 26:53 | Queue | Villager (Male) |
| 27:10 | Build | House |
| 27:12 | Build | House |
| 27:20 | Research | Double-Bit Axe |
| 27:20 | Research | Double-Bit Axe |
| 28:03 | Queue | Villager (Male) |
| 28:08 | Research | Fletching |
| 28:08 | Research | Fletching |
| 29:07 | Age | Castle Age |
| 29:09 | Build | Siege Workshop |
| 29:33 | Queue | Villager (Male) |
| 29:37 | Build | Siege Workshop |
| 29:39 | Queue | Mangonel |
| 29:41 | Queue | Villager (Male) |
| 29:41 | Queue | Villager (Male) |
| 30:06 | Build | Lumber Camp |
Build order — kierokesawa
First 150 of 164 actions detected
| 0:00 | Queue | Villager (Male) |
| 0:01 | Queue | Villager (Male) |
| 0:03 | Build | House |
| 0:05 | Build | House |
| 0:13 | Queue | Villager (Male) |
| 0:13 | Queue | Villager (Male) |
| 1:46 | Queue | Villager (Male) |
| 1:47 | Queue | Villager (Male) |
| 2:09 | Queue | Villager (Male) |
| 2:09 | Queue | Villager (Male) |
| 2:37 | Queue | Villager (Male) |
| 2:38 | Queue | Villager (Male) |
| 2:39 | Queue | Villager (Male) |
| 2:40 | Queue | Villager (Male) |
| 2:48 | Build | Lumber Camp |
| 3:22 | Queue | Villager (Male) |
| 3:23 | Queue | Villager (Male) |
| 3:23 | Queue | Villager (Male) |
| 3:26 | Queue | Villager (Male) |
| 3:27 | Queue | Villager (Male) |
| 3:40 | Build | House |
| 4:00 | Research | Loom |
| 4:00 | Research | Loom |
| 4:21 | Build | House |
| 4:24 | Queue | Villager (Male) |
| 4:25 | Queue | Villager (Male) |
| 4:28 | Queue | Villager (Male) |
| 4:54 | Build | Mill |
| 5:04 | Queue | Villager (Male) |
| 5:18 | Queue | Villager (Male) |
| 6:25 | Queue | Villager (Male) |
| 6:30 | Queue | Villager (Male) |
| 7:16 | Build | Barracks |
| 7:21 | Queue | Villager (Male) |
| 7:47 | Queue | Villager (Male) |
| 7:53 | Build | House |
| 8:40 | Research | Feudal Age |
| 8:40 | Research | Feudal Age |
| 8:40 | Research | Feudal Age |
| 8:45 | Build | Mining Camp |
| 9:06 | Queue | Militia |
| 9:07 | Queue | Militia |
| 9:26 | Queue | Militia |
| 9:26 | Queue | Militia |
| 10:12 | Queue | Villager (Male) |
| 10:42 | Queue | Villager (Male) |
| 10:49 | Age | Feudal Age |
| 11:08 | Queue | Villager (Male) |
| 11:33 | Build | Watch Tower |
| 11:36 | Queue | Villager (Male) |
| 11:46 | Queue | Villager (Male) |
| 11:58 | Build | Watch Tower |
| 12:04 | Build | Archery Range |
| 12:22 | Queue | Villager (Male) |
| 12:49 | Build | Watch Tower |
| 13:09 | Build | Mining Camp |
| 14:31 | Build | Farm |
| 14:31 | Build | Farm |
| 14:32 | Build | Farm |
| 14:32 | Build | Farm |
| 15:04 | Queue | Archer |
| 15:04 | Queue | Archer |
| 15:19 | Queue | Villager (Male) |
| 15:32 | Build | Watch Tower |
| 15:46 | Queue | Villager (Male) |
| 15:47 | Queue | Villager (Male) |
| 16:22 | Build | Watch Tower |
| 16:32 | Queue | Villager (Male) |
| 17:05 | Queue | Villager (Male) |
| 17:05 | Queue | Villager (Male) |
| 17:13 | Build | Watch Tower |
| 17:29 | Queue | Archer |
| 17:29 | Queue | Archer |
| 18:28 | Build | Mining Camp |
| 18:34 | Queue | Villager (Male) |
| 18:34 | Queue | Villager (Male) |
| 19:07 | Build | Palisade Wall |
| 19:22 | Queue | Archer |
| 19:23 | Queue | Archer |
| 20:24 | Build | Watch Tower |
| 20:29 | Queue | Villager (Male) |
| 20:45 | Build | House |
| 20:46 | Build | House |
| 21:14 | Queue | Villager (Male) |
| 22:31 | Build | Watch Tower |
| 22:34 | Queue | Archer |
| 22:34 | Queue | Archer |
| 23:13 | Build | Watch Tower |
| 24:28 | Queue | Villager (Male) |
| 24:40 | Build | Lumber Camp |
| 26:12 | Build | Market |
| 26:58 | Research | Castle Age |
| 26:58 | Research | Castle Age |
| 27:30 | Research | Double-Bit Axe |
| 27:52 | Queue | Archer |
| 27:53 | Queue | Archer |
| 27:53 | Queue | Archer |
| 29:00 | Build | Blacksmith |
| 29:05 | Queue | Villager (Male) |
| 29:27 | Build | Stable |
| 29:38 | Age | Castle Age |
| 29:54 | Build | Siege Workshop |
| 30:05 | Queue | Villager (Male) |
| 30:06 | Queue | Villager (Male) |
| 30:33 | Research | Fletching |
| 30:33 | Research | Fletching |
| 30:36 | Queue | Mangonel |
| 30:36 | Queue | Mangonel |
| 30:53 | Build | House |
| 30:55 | Build | House |
| 31:04 | Queue | Scout Cavalry |
| 31:04 | Queue | Scout Cavalry |
| 31:26 | Queue | Villager (Male) |
| 31:27 | Queue | Villager (Male) |
| 32:36 | Build | Siege Workshop |
| 32:56 | Queue | Mangonel |
| 32:56 | Queue | Mangonel |
| 33:40 | Build | Lumber Camp |
| 34:58 | Build | Town Center |
| 35:04 | Queue | Battering Ram |
| 35:05 | Queue | Battering Ram |
| 35:35 | Build | Monastery |
| 35:38 | Build | Mining Camp |
| 35:47 | Build | Farm |
| 36:16 | Queue | Monk |
| 36:23 | Build | House |
| 36:23 | Build | House |
| 36:24 | Build | House |
| 36:40 | Queue | Villager (Male) |
| 36:41 | Queue | Villager (Male) |
| 36:54 | Queue | Battering Ram |
| 36:54 | Queue | Battering Ram |
| 38:21 | Queue | Archer |
| 38:21 | Queue | Archer |
| 39:03 | Queue | Villager (Male) |
| 39:09 | Queue | Archer |
| 39:10 | Queue | Archer |
| 39:38 | Build | Farm |
| 39:38 | Build | Farm |
| 39:38 | Build | Farm |
| 41:12 | Queue | Villager (Male) |
| 42:22 | Queue | Villager (Male) |
| 42:23 | Queue | Villager (Male) |
| 42:49 | Build | Castle |
| 42:59 | Queue | Villager (Male) |
| 43:05 | Queue | Monk |
| 44:07 | Queue | Villager (Male) |
| 44:07 | Queue | Villager (Male) |
| 44:47 | Queue | Janissary |
| 44:47 | Queue | Janissary |
Match timeline
| 4:18 | justcaem · wall_segment Palisade Wall x1 |
| 4:20 | justcaem · wall_segment Palisade Wall x2 |
| 4:44 | justcaem · wall_segment Palisade Wall x1 |
| 4:44 | justcaem · wall_segment Palisade Wall x1 |
| 6:09 | justcaem · first_building Barracks |
| 7:16 | kierokesawa · first_building Barracks |
| 10:08 | justcaem · age_up feudal |
| 10:18 | justcaem · first_building Archery Range |
| 10:49 | kierokesawa · age_up feudal |
| 12:04 | kierokesawa · first_building Archery Range |
| 19:07 | kierokesawa · wall_segment Palisade Wall x1 |
| 23:35 | justcaem · first_market_sell 500 wood |
| 23:37 | justcaem · first_market_buy 100 food |
| 26:43 | kierokesawa · first_market_buy 100 food |
| 26:50 | kierokesawa · first_market_sell 100 wood |
| 29:07 | justcaem · age_up castle |
| 29:09 | justcaem · first_building Siege Workshop |
| 29:27 | kierokesawa · first_building Stable |
| 29:38 | kierokesawa · age_up castle |
| 29:54 | kierokesawa · first_building Siege Workshop |
| 31:22 | justcaem · first_building Monastery |
| 35:35 | kierokesawa · first_building Monastery |
| 42:49 | kierokesawa · first_building Castle |
| 53:05 | justcaem · age_up imperial |
| 53:14 | kierokesawa · resign |
[ AI ANALYSIS · 1 CREDIT ]
What really happened in this match?
Wolo.gg analyzes every decision: build order, eco, micro, common mistakes by bracket. Personalized analysis on WhatsApp or Discord in 30 seconds.
Civ guide
Maya
Perfil
Jugador #3329182